 Dungeon Crawl Stone Soup version 0.29-a0-333-gb4c28e87c6 (webtiles) character file.

Game seed: 417756310626177462

560 Jortsu the Chopper (level 7, -11/50 (54) HPs)
             Began as a Demonspawn Fighter on Apr 13, 2022.
             Was an Initiate of Ru.
             Mangled by a wight
             ... wielding a +4 battleaxe
              (12 damage)
             ... in the Ecumenical Temple.
             The game lasted 00:05:40 (3747 turns).

Jortsu the Chopper (Demonspawn Fighter)             Turns: 3747, Time: 00:05:41

HP:   -11/50 (54)   AC: 17    Str: 18    XL:     7   Next: 9%
MP:   7/7           EV:  5    Int: 11    God:    Ru [......]
Gold: 179           SH:  5    Dex: 13    Spells: 6/6 levels left

rFire   . . .      SeeInvis .   a - +0 war axe
rCold   . . .      Faith    .   c - +0 buckler
rNeg    + . .      Spirit   .   p - +1 plate armour
rPois   .          Reflect  .   o - +2 helmet
rElec   +          Harm     .   (no cloak)
rCorr   .          Rampage  .   m - +0 pair of gloves
Will    .....                   (boots unavailable)
Stlth   ..........              (no amulet)
HPRegen 0.16/turn               n - ring of positive energy
MPRegen 0.10/turn               (no ring)

@: drained
A: hooves 3, foul stench 1, missing an eye, clever 1, electricity resistance
a: Renounce Religion


You were in the Ecumenical Temple.
You worshipped Ru.
Ru was noncommittal.
You visited 2 branches of the dungeon, and saw 5 of its levels.

You collected 179 gold pieces.

Inventory:

Hand Weapons
 a - a +0 war axe (weapon)
Armour
 c - a +0 buckler (worn)
 m - a +0 pair of gloves (worn)
 o - a +2 helmet (worn)
 p - a +1 plate armour (worn)
Jewellery
 n - a ring of positive energy (left hand)
 t - a ring of ice
Wands
 q - a wand of iceblast (6)
Scrolls
 e - 3 scrolls of identify
 f - a scroll of noise
 j - a scroll of enchant armour
 k - a scroll of magic mapping
Potions
 b - a potion of degeneration {unknown}
 d - 3 potions of might
 g - a potion of attraction
 h - a potion of magic {unknown}
 i - a potion of ambrosia
 l - a potion of invisibility
 r - a potion of berserk rage
 s - 2 potions of cancellation {unknown}
 u - a potion of brilliance {unknown}
 v - a potion of curing {unknown}


   Skills:
 + Level 4.3 Fighting
 + Level 4.5 Axes
 + Level 4.5 Armour
 + Level 0.6 Dodging
 + Level 0.4 Stealth
 + Level 3.6 Shields


You had 6 spell levels left.
You didn't know any spells.
Your spell library was empty.

Dungeon Overview and Level Annotations

Branches:
Dungeon (4/15)             Temple (1/1) D:4

Altars:
Dithmenos
Fedhas
Gozag
Ru
Wu Jian


Innate Abilities, Weirdness & Mutations

You have hooves in place of feet.
You may rarely emit foul miasma when damaged in melee.
You are missing an eye, making it more difficult to aim.
Your mind is acute. (Int +2)
You are resistant to electric shocks. (rElec)


Message History

You slash the wight! You kick the wight.
The wight is almost destroyed.
The wight hits you but does no damage. x2
You miss the wight.
The wight is almost destroyed.
The wight hits you but does no damage.
You hit the wight. You kick the wight.
You destroy the wight!
You have reached level 7!
Your demonic ancestry asserts itself...
Your feet have mutated into hooves.
Found an opulent altar of Gozag.
Things that are here:
a +3 mace; a +0 robe You start resting.
HP restored.
There is a staircase back to the Dungeon here.
You climb upwards.
Welcome back to the Dungeon!
The wight hits you with a +4 battleaxe! You partially resist.
You feel drained. You block the wight's attack.
The wight hits you but does no damage.
There is a staircase to the Ecumenical Temple here.
The wight hits you with a +4 battleaxe. You partially resist.
You feel drained.
You climb downwards.
Welcome back to the Ecumenical Temple!
There is a staircase back to the Dungeon here.
You hit the wight but do no damage. You hit the wight.
The wight unwields a +2 hunting sling of flaming.
It stops flaming.
The wight wields a +3 battleaxe.
The wight hits you with a +3 battleaxe! The wight hits you but does no damage.
You hit the wight but do no damage. You closely miss the wight.
You block the wight's attack. The wight hits you with a +4 battleaxe.
The wight hits you with a +3 battleaxe!
* * * LOW HITPOINT WARNING * * *
You hit the wight. You kick the wight.
The wight is heavily damaged.
You miss the wight. The wight hits you with a +4 battleaxe!
* * * LOW HITPOINT WARNING * * *
You partially resist.
You feel drained. The wight hits you with a +3 battleaxe.
* * * LOW HITPOINT WARNING * * *
You partially resist.
You feel drained. The wight hits you with a +4 battleaxe!
You die...

... ... . .. ..
.# ###. ...
#.####..... #...
#....#.....
#...#.....#....
#.#....z..#...
#...[@z...#
....#.......#.#
_....#.....#...#
......#....# ...
......####.# ..
..#### #. . # ..
...


You could see 2 wights.

Vanquished Creatures
  A sky beast (D:3)
  A necrophage (D:4)
  A wight (Temple)
  A jelly (D:4)
  An orc priest (D:3)
  Jessica (D:3)
  An iguana (D:4)
  2 orc wizards (D:4)
  Robin (D:2)
  4 gnolls
  5 adders
  2 worms (D:2)
  7 orcs
  5 bats
  3 endoplasms
  6 giant cockroaches
  11 goblins
  12 hobgoblins
  5 jackals
  5 quokkas
  8 ball pythons
  6 frilled lizards
  7 kobolds
  5 rats
101 creatures vanquished.

Notes
Turn   | Place    | Note
-------+----------+-------------------------------------------
     0 | D:1      | Jortsu the Demonspawn Fighter began the quest for the Orb.
     0 | D:1      | Reached XP level 1. HP: 18/18 MP: 1/1
    85 | D:1      | Gained mutation: You have large cloven feet. [demonic
                  | ancestry]
    85 | D:1      | Reached XP level 2. HP: 20/24 MP: 2/2
   470 | D:1      | Gained mutation: You may rarely emit foul miasma when
                  | damaged in melee. [demonic ancestry]
   470 | D:1      | Reached XP level 3. HP: 20/29 MP: 3/3
   955 | D:2      | Found a shadowy altar of Dithmenos.
  1610 | D:2      | Noticed Robin
  1620 | D:2      | Gained mutation: You have hoof-like feet. [demonic
                  | ancestry]
  1620 | D:2      | Reached XP level 4. HP: 30/35 MP: 4/4
  1622 | D:2      | Killed Robin
  2284 | D:3      | Found a blossoming altar of Fedhas.
  2371 | D:3      | Reached XP level 5. HP: 22/41 MP: 5/5
  2597 | D:3      | Noticed a sky beast
  2609 | D:3      | Killed a sky beast
  2613 | D:3      | Reached XP level 6. HP: 42/48 MP: 6/6
  2653 | D:3      | Noticed Jessica
  2658 | D:3      | Killed Jessica
  2678 | D:3      | Found a faded altar of an unknown god.
  2682 | D:3      | Prayed at the altar of an unknown god.
  2682 | D:3      | Became a worshipper of Ru the Awakened
  2695 | D:3      | Gained mutation: You are missing an eye, making it more
                  | difficult to aim. [Ru sacrifice]
  2836 | D:3      | Found an ornate altar of the Wu Jian Council.
  3427 | D:4      | Gained mutation: Potions are less effective at restoring
                  | your health. [potion of mutation]
  3427 | D:4      | Gained mutation: You are agile. (Dex +2) [potion of
                  | mutation]
  3428 | D:4      | Lost mutation: You are agile. (Dex +2) [potion of mutation]
  3428 | D:4      | Lost mutation: Potions are less effective at restoring your
                  | health. [potion of mutation]
  3428 | D:4      | Gained mutation: You are resistant to electric shocks.
                  | (rElec) [potion of mutation]
  3428 | D:4      | Gained mutation: Your mind is acute. (Int +2) [potion of
                  | mutation]
  3528 | D:4      | Found a staircase to the Ecumenical Temple.
  3633 | Temple   | Entered the Ecumenical Temple
  3638 | Temple   | Gained mutation: You have hooves in place of feet. [demonic
                  | ancestry]
  3638 | Temple   | Reached XP level 7. HP: 35/54 MP: 7/7
  3747 | Temple   | HP: 1/51 [wight/+3 battleaxe (4)]
  3747 | Temple   | Mangled by a wight

Illustrated notes

Levels and vault maps discovered:
D:1:      sevenhm_arrival_forest_fort_large_4, layout_basic
D:2:      minmay_chambers_of_twos, layout_loops_ring, basic_altar,
          minmay_split_cup_small, uniq_robin
D:3:      layout_rooms, marbit_many_paths,
          hellmonk_ecumenical_altar_leap_of_faith, kennysheep_flooded_box,
          chequers_serial_rivers_small_a, uniq_jessica
D:4:      layout_rooms, minmay_temple_entry_junction_2,
          amcnicky_mini_rare_corridor_liquid, uniq_crazy_yiuf_cottage
Temple:   mainiacjoe_temple_coin_purse

Skill      XL: |  1  2  3  4  5  6 |
---------------+-------------------+-----
Armour         | 3 4 |  4.5
Shields        | 3 |  3.6
Axes           | 2 3 4 |  4.5
Fighting       | 4 |  4.3
Dodging        | |  0.6
Stealth        | |  0.4

Action                   |  1- 3 |  4- 6 |  7- 9 || total
-------------------------+-------+-------+-------++-------
Melee: War axe           |    86 |   239 |     3 ||   328
       Kick              |    18 |    41 |     1 ||    60
Invok: Sacrifice an Eye  |       |     1 |       ||     1
  Use: Scroll            |     2 |    10 |       ||    12
       Potion            |       |     2 |       ||     2
Armor: Scale mail        |    39 |    22 |       ||    61
       Plate armour      |       |   196 |     2 ||   198
Dodge: Dodged            |    34 |    63 |       ||    97
Block: Buckler           |    29 |    57 |     2 ||    88

Table legend: (Time is in decaauts)
 A = Elapsed time spent in this place.
 B = Non-inter-level travel time spent in this place.
 C = Inter-level travel time spent in this place.
 D = Time resting spent in this place.
 E = Time spent auto-exploring this place.
 F = Levels seen in this place.
 G = Mean time per level.
                   A        B        C        D        E       F      G
               +--------+--------+--------+--------+--------+-----+--------+
         Total |   3872 |   3776 |     96 |    868 |   1933 |   5 |  774.4 |
       Dungeon |   3758 |   3662 |     96 |    768 |   1933 |   4 |  939.5 |
        Temple |    114 |    114 |      0 |    100 |      0 |   1 |  114.0 |
               +--------+--------+--------+--------+--------+-----+--------+

Top non-repeatable levels by time:
     D:2: 1274 daAuts
     D:1: 892 daAuts
     D:3: 799 daAuts
     D:4: 791 daAuts
  Temple: 114 daAuts
